 Dungeon Crawl Stone Soup version 0.31-a0-833-gc15d34cb79 (console) character file.

Game seed: 7912503299488110305

17778 jejorda2 the Cleaver (level 12, -9/97 HPs)
             Began as a Gnoll Berserker on Sept 25, 2023.
             Was an Elder of Trog.
             Mangled by a merfolk
             ... wielding a +0 trident
              (20 damage)
             ... on level 2 of the Lair of Beasts.
             The game lasted 00:27:11 (9490 turns).

jejorda2 the Cleaver (Gnoll Berserker)              Turns: 9490, Time: 00:27:11

Health: -9/97      AC: 20    Str: 22    XL:     12   Next: 51%
Magic:  23/23      EV: 16    Int:  7    God:    Trog [****..]
Gold:   277        SH:  0    Dex: 11    Spells: 26/26 levels left

rFire   . . .        a - +1 battleaxe (flame)
rCold   . . .        (shield currently unavailable)
rNeg    . . .        j - +3 chain mail {Will+}
rPois   .            (no helmet)
rElec   .            n - +2 cloak
rCorr   .            d - +0 pair of gloves
SInv    .            w - +0 pair of boots
Will    +....        p - amulet of regeneration
Stlth   +            A - +5 ring of evasion
HPRegen 1.16/turn    (no ring)
MPRegen 0.18/turn

%: no passive effects
@: mesmerised
A: fangs 1, strong nose, distributed training
a: Renounce Religion, Berserk, Trog's Hand, Brothers in Arms


You were on level 2 of the Lair of Beasts.
You worshipped Trog.
Trog was greatly pleased with you.
You visited 2 branches of the dungeon, and saw 13 of its levels.

You collected 674 gold pieces.
You spent 397 gold pieces at shops.

Inventory:

Hand Weapons
 a - a +1 battleaxe of flaming (weapon)
 t - a +0 broad axe
Missiles
 c - 23 poisoned darts (quivered)
 u - 14 boomerangs
Armour
 b - a +0 chain mail
 d - a +0 pair of gloves (worn)
 j - a +3 chain mail of willpower (worn)
 n - a +2 cloak (worn)
 w - a +0 pair of boots (worn)
Jewellery
 p - an amulet of regeneration (around neck)
 A - a +5 ring of evasion (left hand)
 B - a ring of ice
 F - a ring of ice
Wands
 s - a wand of charming (11)
 x - a wand of roots (2)
 y - a wand of flame (38)
Scrolls
 e - a scroll of fear
 q - a scroll of teleportation
 r - 5 scrolls of revelation
 z - a scroll of poison
Potions
 f - a potion of invisibility
 g - 6 potions of lignification
 h - 2 potions of ambrosia
 i - a potion of enlightenment
 k - 5 potions of curing
 l - a potion of heal wounds {unknown}
 m - 2 potions of haste {unknown}
 o - a potion of resistance {unknown}
 v - 4 potions of attraction
 D - 3 potions of mutation {unknown}


   Skills:
 + Level 10.0 Fighting
 + Level 7.5 Short Blades
 + Level 7.5 Long Blades
 + Level 10.0 Axes
 + Level 7.5 Maces & Flails
 + Level 7.5 Polearms
 + Level 7.5 Staves
 + Level 7.5 Ranged Weapons
 + Level 7.5 Throwing
 + Level 8.9 Armour
 + Level 8.9 Dodging
 + Level 7.5 Stealth
 + Level 7.5 Shields
 + Level 7.5 Unarmed Combat
 + Level 7.5 Spellcasting
 + Level 6.2 Conjurations
 + Level 6.2 Hexes
 + Level 6.2 Summonings
 + Level 6.2 Necromancy
 + Level 6.2 Translocations
 + Level 6.2 Transmutations
 + Level 6.2 Fire Magic
 + Level 6.2 Ice Magic
 + Level 6.2 Air Magic
 + Level 6.2 Earth Magic
 + Level 6.2 Poison Magic
 + Level 8.2 Invocations
 + Level 7.5 Evocations
 + Level 6.8 Shapeshifting


You had 26 spell levels left.
You didn't know any spells.
Your spell library was empty.

Dungeon Overview and Level Annotations

Branches:
Dungeon (11/15)            Temple (0/1) D:4            Lair (2/5) D:11
 Shoals (0/4) Lair:2          Orc (0/2) D:10
  Snake: Lair:2-3    Spider: Lair:2-3

Altars:
Ashenzari
Cheibriados
Elyvilon
Kikubaaqudgha
Makhleb
Sif Muna
Vehumet
Wu Jian
Yredelemnul

Shops:
D:8 [:[

Annotations:
D:4 1 runed translucent door


Innate Abilities, Weirdness & Mutations

You have very sharp teeth.
Your uncanny sense of smell can sniff out nearby items.
Your experience applies equally to all skills.


Message History

The merfolk hits you but does no damage.
The merfolk siren chants its luring song.
The merfolk barely misses you.
You barely miss the merfolk. You slash the merfolk siren!
You burn the merfolk siren.
The merfolk hits you but does no damage. x2
The merfolk siren chants its luring song.
You closely miss the merfolk. You bite the merfolk, but do no damage.
You hit the merfolk siren but do no damage.
The merfolk hits you but does no damage.
The merfolk hits you from afar with a +2 heavy trident!
The merfolk barely misses you.
The merfolk siren chants its luring song.
The merfolk hits you but does no damage.
You closely miss the merfolk. You barely miss the merfolk siren.
The merfolk hits you but does no damage.
The merfolk siren chants its luring song.
The merfolk hits you but does no damage.
The merfolk hits you with a +0 trident!
Unknown command.
The merfolk siren chants its luring song.
The merfolk hits you with a +0 trident!
The merfolk hits you but does no damage.
You slash the merfolk! You burn the merfolk.
The merfolk is lightly wounded.
You barely miss the merfolk. x2; You closely miss the merfolk siren.
The merfolk completely misses you. The merfolk hits you with a +0 trident!
* * * LOW HITPOINT WARNING * * *
The merfolk siren hits you with a +0 spear.
* * * LOW HITPOINT WARNING * * *
The merfolk hits you with a +0 trident!
* * * LOW HITPOINT WARNING * * *
Unknown command.
Unknown command.
You closely miss the merfolk siren.
The merfolk siren is severely wounded.
You hit the merfolk. You burn the merfolk. You hit the merfolk.
You burn the merfolk. You hit the merfolk. You burn the merfolk.
The merfolk hits you with a +0 trident!!
You die...

∆ ### # ...##
.#
#>#..#######P.P
~~~~...#.....
#~~~m#..#
#.m@m.#
####m..# #
#..)†..#..###
#....#<.......
##.###..#...#.
#. #..##### #
.... ...##
)....


You could see 3 merfolk and a merfolk siren (mesmerising).

Vanquished Creatures
  Fannar (D:11)
  2 two-headed ogres
  2 boulder beetles
  A deep elf pyromancer (D:10)
  A cyclops (D:11)
  An elephant (D:11)
  4 torpor snails (Lair:1)
  The ghost of SecretSquirrel the Caller, a novice BaSu (D:4)
  A black mamba (Lair:2)
  The ghost of miscthings the Gusty, a novice GnWn (D:5)
  3 cane toads (Lair:1)
  Maggie (D:8)
  A komodo dragon (Lair:1)
  2 trolls
  Grinder (D:6)
  The ghost of tinfoiltophat the Magician, an amateur DjFE of Elyvilon (D:3)
  2 shadows
  A vampire (D:9)
  14 yaks
  Grum (D:8)
  2 wyverns
  3 steam dragons
  A basilisk (D:11)
  Edmund (D:4)
  An acid dragon (D:9)
  4 vampire mosquitoes (D:11)
  2 water moccasins
  An orc warrior (D:10)
  2 ice beasts (D:6)
  A black bear (D:11)
  12 centaurs
  4 ogres
  6 wolves
  2 phantoms (D:6)
  2 kobold brigands (D:8)
  A bullfrog (D:7)
  A gnoll sergeant (D:6)
  A scorpion (D:4)
  9 wights
  5 killer bees (D:6)
  3 howler monkeys (D:7)
  Crazy Yiuf (D:2)
  2 hounds
  2 gnoll boudas
  A jelly (D:6)
  2 orc priests
  4 iguanas
  5 orc wizards
  13 gnolls
  7 adders
  3 shadow imps
  A white imp (D:8)
  An ufetubus (D:6)
  6 worms
  A dart slug (D:2)
  28 orcs
  11 ball pythons
  6 endoplasms
  2 giant cockroaches
  6 goblins
  4 hobgoblins
  6 jackals (D:2)
  4 quokkas
  2 bats
  5 frilled lizards
  15 kobolds
  3 rats
247 creatures vanquished.

Vanquished Creatures (collateral kills)
  An orc knight (D:10)
  A wyvern (D:10)
  4 orc warriors (D:10)
  An orc priest (D:10)
  14 orcs (D:10)
21 creatures vanquished.

Grand Total: 268 creatures vanquished

Notes
Turn   | Place    | Note
-------+----------+-------------------------------------------
     0 | D:1      | jejorda2 the Gnoll Berserker began the quest for the Orb.
     0 | D:1      | Reached XP level 1. HP: 23/23 MP: 1/1
   325 | D:1      | Reached XP level 2. HP: 29/29 MP: 2/2
   704 | D:2      | Reached XP level 3. HP: 35/35 MP: 3/3
   714 | D:2      | Reached ** piety under Trog
   789 | D:2      | Reached skill level 1 in Invocations
   859 | D:2      | Reached skill level 1 in Short Blades
   859 | D:2      | Reached skill level 1 in Long Blades
   859 | D:2      | Reached skill level 1 in Maces & Flails
   859 | D:2      | Reached skill level 1 in Polearms
   859 | D:2      | Reached skill level 1 in Staves
   859 | D:2      | Reached skill level 1 in Ranged Weapons
   859 | D:2      | Reached skill level 1 in Throwing
   859 | D:2      | Reached skill level 1 in Stealth
   859 | D:2      | Reached skill level 1 in Shields
   859 | D:2      | Reached skill level 1 in Unarmed Combat
   859 | D:2      | Reached skill level 1 in Spellcasting
   859 | D:2      | Reached skill level 1 in Evocations
   958 | D:2      | Reached XP level 4. HP: 41/41 MP: 5/5
   981 | D:2      | Reached skill level 1 in Shapeshifting
  1367 | D:2      | Reached skill level 1 in Conjurations
  1367 | D:2      | Reached skill level 1 in Hexes
  1367 | D:2      | Reached skill level 1 in Summonings
  1367 | D:2      | Reached skill level 1 in Necromancy
  1367 | D:2      | Reached skill level 1 in Translocations
  1367 | D:2      | Reached skill level 1 in Transmutations
  1367 | D:2      | Reached skill level 1 in Fire Magic
  1367 | D:2      | Reached skill level 1 in Ice Magic
  1367 | D:2      | Reached skill level 1 in Air Magic
  1367 | D:2      | Reached skill level 1 in Earth Magic
  1367 | D:2      | Reached skill level 1 in Poison Magic
  1437 | D:2      | Found a runed translucent door.
  1438 | D:2      | Noticed Crazy Yiuf
  1447 | D:2      | Killed Crazy Yiuf
  1448 | D:2      | Reached XP level 5. HP: 47/47 MP: 5/7
  1792 | D:3      | Found a runed translucent door.
  2158 | D:3      | Noticed tinfoiltophat's ghost (amateur DjFE)
  2178 | D:3      | Killed tinfoiltophat's ghost
  2179 | D:3      | Reached skill level 5 in Armour
  2179 | D:3      | Reached skill level 5 in Dodging
  2179 | D:3      | Reached XP level 6. HP: 49/53 MP: 7/9
  2303 | D:4      | Reached XP level 7. HP: 59/59 MP: 10/10
  2317 | D:4      | Found a white marble altar of Elyvilon.
  2530 | D:4      | Reached *** piety under Trog
  2537 | D:4      | Found a staircase to the Ecumenical Temple.
  2591 | D:4      | Found a runed translucent door.
  2611 | D:4      | Found a runed translucent door.
  2612 | D:4      | Noticed SecretSquirrel's ghost (novice BaSu)
  2628 | D:4      | Killed SecretSquirrel's ghost
  2710 | D:5      | Entered Level 5 of the Dungeon
  2710 | D:5      | Noticed Edmund
  2736 | D:4      | Killed Edmund
  2737 | D:4      | Reached XP level 8. HP: 67/67 MP: 12/12
  2756 | D:5      | Found a runed translucent gate.
  2756 | D:5      | Found a runed translucent gate.
  2756 | D:5      | Found a runed translucent gate.
  2758 | D:5      | Noticed miscthings's ghost (novice GnWn)
  2778 | D:5      | Killed miscthings's ghost
  3486 | D:6      | Noticed Grinder
  3495 | D:6      | Killed Grinder
  3496 | D:6      | Reached XP level 9. HP: 73/73 MP: 14/14
  3746 | D:6      | Found an ancient bone altar of Kikubaaqudgha.
  3811 | D:6      | Found a shimmering blue altar of Sif Muna.
  3812 | D:6      | Found a radiant altar of Vehumet.
  4062 | D:6      | Reached skill level 5 in Invocations
  4980 | D:8      | Found a burning altar of Makhleb.
  4999 | D:8      | Reached XP level 10. HP: 80/80 MP: 17/17
  5035 | D:8      | Noticed Grum
  5043 | D:8      | Reached skill level 5 in Short Blades
  5043 | D:8      | Reached skill level 5 in Long Blades
  5043 | D:8      | Reached skill level 5 in Maces & Flails
  5043 | D:8      | Reached skill level 5 in Polearms
  5043 | D:8      | Reached skill level 5 in Staves
  5043 | D:8      | Reached skill level 5 in Ranged Weapons
  5043 | D:8      | Reached skill level 5 in Throwing
  5043 | D:8      | Reached skill level 5 in Stealth
  5043 | D:8      | Reached skill level 5 in Shields
  5043 | D:8      | Reached skill level 5 in Unarmed Combat
  5043 | D:8      | Reached skill level 5 in Spellcasting
  5043 | D:8      | Reached skill level 5 in Evocations
  5052 | D:8      | Killed Grum
  5279 | D:8      | Noticed Maggie
  5291 | D:8      | Killed Maggie
  5341 | D:8      | Found Jetawn's Book Shop.
  5385 | D:8      | Found Pacuwo Leteu's Armour Emporium.
  5445 | D:8      | Found an ornate altar of the Wu Jian Council.
  5802 | D:8      | Found Yrugg's Antique Armour Shop.
  5849 | D:8      | Reached **** piety under Trog
  5878 | D:8      | Found a basalt altar of Yredelemnul.
  5988 | D:8      | Bought a +3 chain mail of willpower for 397 gold pieces
  6191 | D:9      | Found a broken altar of Ashenzari.
  6319 | D:9      | Reached skill level 5 in Shapeshifting
  7015 | D:9      | Noticed a two-headed ogre
  7023 | D:9      | Killed a two-headed ogre
  7024 | D:9      | Reached XP level 11. HP: 89/89 MP: 19/19
  7107 | D:10     | Entered Level 10 of the Dungeon
  7198 | D:10     | Noticed a deep elf pyromancer
  7211 | D:10     | Killed a deep elf pyromancer
  7212 | D:10     | Reached skill level 5 in Conjurations
  7212 | D:10     | Reached skill level 5 in Hexes
  7212 | D:10     | Reached skill level 5 in Summonings
  7212 | D:10     | Reached skill level 5 in Necromancy
  7212 | D:10     | Reached skill level 5 in Translocations
  7212 | D:10     | Reached skill level 5 in Transmutations
  7212 | D:10     | Reached skill level 5 in Fire Magic
  7212 | D:10     | Reached skill level 5 in Ice Magic
  7212 | D:10     | Reached skill level 5 in Air Magic
  7212 | D:10     | Reached skill level 5 in Earth Magic
  7212 | D:10     | Reached skill level 5 in Poison Magic
  7394 | D:10     | Noticed an orc knight
  7396 | D:10     | Found a staircase to the Orcish Mines.
  7431 | D:10     | Killed an orc knight
  7654 | D:11     | Found a staircase to the Lair.
  7717 | D:11     | Noticed Fannar
  7728 | D:11     | Killed Fannar
  7833 | D:11     | Noticed a boulder beetle
  7853 | D:11     | Killed a boulder beetle
  7959 | D:11     | Noticed a two-headed ogre
  7971 | D:11     | Killed a two-headed ogre
  8054 | D:11     | Noticed a cyclops
  8061 | D:11     | Killed a cyclops
  8440 | Lair:1   | Entered Level 1 of the Lair of Beasts
  8440 | Lair:1   | Noticed a boulder beetle
  8452 | Lair:1   | Killed a boulder beetle
  8453 | Lair:1   | Reached XP level 12. HP: 92/97 MP: 22/22
  8914 | Lair:1   | Found a snail-covered altar of Cheibriados.
  9121 | Lair:1   | Reached skill level 10 in Fighting
  9121 | Lair:1   | Reached skill level 10 in Axes
  9479 | Lair:2   | Found a staircase to the Shoals.
  9490 | Lair:2   | Mangled by a merfolk

Illustrated notes

Levels and vault maps discovered:
D:1:      tarquinn_simple_flora_water_a, layout_basic,
          ebering_dispersal_statue_hall
D:2:      minmay_wonky_spiral, layout_basic, uniq_crazy_yiuf_cottage
D:3:      layout_rooms, ebering_ghost_reflecting_pool, nicolae_underground_beach
D:4:      layout_gridville, mainiacjoe_overflow_chevrons,
          minmay_temple_entry_junction, ebering_ghost_sewer_f,
          roderic_roman_lattice
D:5:      nicolae_cairo_tiling_large, layout_rooms, ebering_ghost_rock_garden,
          uniq_edmund
D:6:      layout_rooms, grunt_temple_overflow_magic_moments, dk_vineyard_1,
          minmay_door_square, uniq_grinder
D:7:      cheibrodos_helix_gallery, layout_loops_ring
D:8:      layout_basic, pdpol_wu_jian_five_deadly_venoms, kennysheep_little_box,
          mainiacjoe_overflow_tiny_flanked, serial_shops, shop, shop, shop,
          uniq_maggie, uniq_grum
D:9:      layout_basic, nicolae_ashenzari_skybound
D:10:     layout_roguey, david_orc_5
D:11:     layout_rooms, david_lair_generic, uniq_fannar
Lair:1:   layout_roguey, columned_hall_lemuel, kennysheep_snail_temple
Lair:2:   layout_loops_ring, elwin_shoals_entry_stream,
          portal_ice_cave_entry_pillars_1

Skill      XL: |  1  2  3  4  5  6  7  8  9 10 11 12 |
---------------+-------------------------------------+-----
Invocations    | 1 2 3 4 5 6 7 8 |  8.2
Short Blades   | 1 2 3 4 5 7 |  7.5
Long Blades    | 1 2 3 4 5 7 |  7.5
Maces & Flails | 1 2 3 4 5 7 |  7.5
Polearms       | 1 2 3 4 5 7 |  7.5
Staves         | 1 2 3 4 5 7 |  7.5
Ranged Weapons | 1 2 3 4 5 7 |  7.5
Throwing       | 1 2 3 4 5 7 |  7.5
Stealth        | 1 2 3 4 5 7 |  7.5
Shields        | 1 2 3 4 5 7 |  7.5
Unarmed Combat | 1 2 3 4 5 7 |  7.5
Spellcasting   | 1 2 3 4 5 7 |  7.5
Evocations     | 1 2 3 4 5 7 |  7.5
Shapeshifting  | 1 2 3 4 5 6 |  6.8
Conjurations   | 1 2 3 4 5 6 |  6.2
Hexes          | 1 2 3 4 5 6 |  6.2
Summonings     | 1 2 3 4 5 6 |  6.2
Necromancy     | 1 2 3 4 5 6 |  6.2
Translocations | 1 2 3 4 5 6 |  6.2
Transmutations | 1 2 3 4 5 6 |  6.2
Fire Magic     | 1 2 3 4 5 6 |  6.2
Ice Magic      | 1 2 3 4 5 6 |  6.2
Air Magic      | 1 2 3 4 5 6 |  6.2
Earth Magic    | 1 2 3 4 5 6 |  6.2
Poison Magic   | 1 2 3 4 5 6 |  6.2
Armour         | 5 6 7 8 |  8.9
Dodging        | 5 6 7 8 |  8.9
Fighting       | 7 8 9 10 | 10.0
Axes           | 7 8 9 10 | 10.0

Action                     |  1- 3 |  4- 6 |  7- 9 | 10-12 || total
---------------------------+-------+-------+-------+-------++-------
  Melee: Hand axe          |   106 |    59 |       |       ||   165
         Bite              |    11 |     6 |    35 |    56 ||   108
         Punch             |       |     2 |       |       ||     2
         War axe           |       |    38 |   338 |    50 ||   426
         Broad axe         |       |       |       |   157 ||   157
         Battleaxe         |       |       |       |   244 ||   244
  Throw: Boomerang         |       |       |     5 |       ||     5
         Dart              |       |       |       |    18 ||    18
 Invoke: Berserk           |     1 |     2 |     9 |    12 ||    24
         Trog's Hand       |       |       |     4 |     6 ||    10
         Brothers in Arms  |       |       |       |     1 ||     1
  Evoke: Wand              |       |       |       |     4 ||     4
    Use: Scroll            |       |       |    15 |     5 ||    20
   Stab: Sleeping          |       |       |     1 |     1 ||     2
         Distracted        |       |       |     1 |       ||     1
         Invisible         |       |       |       |     2 ||     2
 Armour: Animal skin       |     8 |       |       |       ||     8
         Ring mail         |    32 |    58 |   148 |    44 ||   282
         Chain mail        |       |       |       |   293 ||   293
  Dodge: Dodged            |    62 |    48 |   231 |   379 ||   720
  Block: Buckler           |       |     1 |    64 |    51 ||   116

Table legend: (Time is in decaauts)
 A = Elapsed time spent in this place.
 B = Non-inter-level travel time spent in this place.
 C = Inter-level travel time spent in this place.
 D = Time resting spent in this place.
 E = Time spent auto-exploring this place.
 F = Levels seen in this place.
 G = Mean time per level.
                   A        B        C        D        E       F      G
               +--------+--------+--------+--------+--------+-----+--------+
         Total |   9866 |   9453 |    413 |   1085 |   6243 |  13 |  758.9 |
       Dungeon |   8739 |   8349 |    390 |    925 |   5596 |  11 |  794.5 |
          Lair |   1127 |   1105 |     22 |    159 |    647 |   2 |  563.5 |
               +--------+--------+--------+--------+--------+-----+--------+

Top non-repeatable levels by time:
     D:9: 1122 daAuts
  Lair:1: 1109 daAuts
     D:2: 1093 daAuts
     D:8: 1074 daAuts
     D:7: 810 daAuts
     D:6: 801 daAuts
    D:11: 781 daAuts
     D:5: 739 daAuts
     D:1: 674 daAuts
    D:10: 611 daAuts
     D:4: 557 daAuts
     D:3: 473 daAuts
  Lair:2: 18 daAuts
